 Dungeon Crawl Stone Soup version 0.31-a0-986-g5e6e4ef867 (webtiles) character file.

Game seed: 10550917678190498438

10407 jasper the Fighter (level 11, -4/93 HPs)
             Began as a Demonspawn Cinder Acolyte on Nov 5, 2023.
             Was a Follower of Ignis.
             Slain by a yak (5 damage)
             ... on level 9 of the Dungeon.
             The game lasted 00:15:57 (9933 turns).

jasper the Fighter (Demonspawn Cinder Acolyte)      Turns: 9933, Time: 00:15:57

Health: -4/93      AC: 22    Str: 17    XL:     11   Next: 35%
Magic:  12/12      EV: 11    Int: 16    God:    Ignis [*.....]
Gold:   1209       SH:  4    Dex: 10    Spells: 10/12 levels left

rFire   + . .        l - +1 whip (elec)
rCold   . . .        m - +0 buckler
rNeg    . . .        I - +0 scale mail
rPois   .            e - +1 helmet
rElec   .            (no cloak)
rCorr   .            N - +0 pair of gloves
SInv    .            L - +0 pair of boots {Fly}
Will    .....        (no amulet) Stlth
                     (no ring)
HPRegen 0.35/turn    (no ring)
MPRegen 0.26/turn

%: no passive effects
@: fiery-armoured, flying
A: hooves 1, molten scales 2, ignite blood 1, magic regeneration
a: Renounce Religion, Fiery Armour, Foxfire Swarm, Rising Flame


You were on level 9 of the Dungeon.
You worshipped Ignis.
Ignis was aware of your devotion.
You visited 2 branches of the dungeon, and saw 10 of its levels.
You also visited: Bailey.

You collected 1495 gold pieces.
You spent 286 gold pieces at shops.

Inventory:

Hand Weapons
 c - a +0 dagger
 h - a +0 whip of flaming
 i - a +2 heavy hand axe
 l - a +1 whip of electrocution (weapon)
 v - a +0 flail
 x - a +3 flail
 M - a +7 trident
Missiles
 j - 48 stones
 y - 19 darts of dispersal
 G - 22 boomerangs (quivered)
 H - 3 datura-tipped darts
 Q - a curare-tipped dart
Armour
 a - a +0 robe
 e - a +1 helmet (worn)
 g - a +0 leather armour
 m - a +0 buckler (worn)
 q - a +1 robe of cold resistance
 r - a +0 ring mail
 I - a +0 scale mail (worn)
 L - a +0 pair of boots of flying (worn)
 N - a +0 pair of gloves (worn)
Jewellery
 s - a +6 ring of intelligence
 D - a +6 ring of strength
 J - a ring of flight
Talismans
 d - a serpent talisman
Wands
 o - a wand of flame (17)
 t - a wand of roots (6)
 E - a wand of quicksilver (3)
Scrolls
 n - 5 scrolls of identify
 z - 2 scrolls of poison
 A - a scroll of enchant weapon
 B - a scroll of fog
 C - 2 scrolls of enchant armour
 O - a scroll of teleportation
Potions
 b - 4 potions of curing
 f - 2 potions of lignification
 k - 4 potions of mutation
 u - 2 potions of invisibility
 w - a potion of haste
 F - a potion of resistance
 K - 3 potions of enlightenment
 P - a potion of cancellation {unknown}


   Skills:
 - Level 11.0 Fighting
 + Level 9.6 Maces & Flails
 - Level 5.8 Armour
 - Level 5.8 Dodging
 - Level 4.0 Shields
 - Level 2.6 Unarmed Combat
 - Level 1.0 Spellcasting
 - Level 2.6 Fire Magic


You had 10 spell levels left.
You knew the following spells:

 Your Spells              Type           Power      Damage    Failure   Level
a - Scorch                Fire           18%        2d5       41%         2

Your spell library contained the following spells:

 Spells                   Type           Power      Damage    Failure   Level
 Poisonous Vapours        Pois/Air       0%         N/A       80%         2
 Mephitic Cloud           Conj/Pois/Air  0%         N/A       95%         3
 Ozocubu's Armour         Ice            0%         N/A       95%         3
 Freezing Cloud           Conj/Ice/Air   0%         6-21      100%        5
 Metabolic Englaciation   Hex/Ice        0%         N/A       100%        5
 Simulacrum               Ice/Necr       0%         N/A       100%        6


Dungeon Overview and Level Annotations

Branches:
Dungeon (9/15)             Temple (1/1) D:4            Lair (0/5) D:9
 Bailey (visited)
    Orc: D:9-12

Altars:
Ashenzari
Cheibriados
Dithmenos
Fedhas
Gozag
Hepliaklqana
Kikubaaqudgha
Makhleb
Nemelex Xobeh
Okawaru
Qazlal
Ru
Sif Muna
Trog
Uskayaw
Vehumet
Wu Jian
Xom
Yredelemnul

Shops:
D:7 !   D:8 :

Annotations:
D:4 1 runed translucent door, CalledCrash's ghost, amateur HuWn
D:6 3 runed translucent doors, Stellion's ghost, novice HOFi; Whiskey's ghost, novice OpSh; gebbletook2's ghost, novice OpVM; hgbash's ghost, novice DrSh; testman's ghost, novice DsSh
D:8 3 runed translucent doors, mattiecakes's ghost, novice AtBe


Innate Abilities, Weirdness & Mutations

You have large cloven feet.
You are mostly covered in molten scales. (AC +3)
Your demonic aura sometimes causes spilled blood to erupt in flames.
You regenerate magic rapidly.


Message History

The yak is heavily wounded.
The bolt of dispelling energy hits the yak!
The yak is moderately wounded.
The yak gores you but does no damage.
The yak is burned by your cloak of flames.
The yak is heavily wounded.
Aiming: Quicksilver Bolt
Press: ? - help, Shift-Dir - straight line, f/p - yak
Aim: a yak (heavily wounded, 83% to hit)
The bolt of dispelling energy hits the yak!
The yak is almost dead.
The bolt of dispelling energy hits the yak!
The yak is severely wounded.
The yak is engulfed in blazing flames.
The yak gores you but does no damage.
The yak is burned by your cloak of flames.
You kill the yak!
Aiming: Quicksilver Bolt
Press: ? - help, Shift-Dir - straight line, f - yak
Aim: a yak (83% to hit)
The bolt of dispelling energy hits the yak!
The yak is moderately wounded.
The bolt of dispelling energy hits the yak!
You kill the yak!
The yak barely misses you.
Aiming: Quicksilver Bolt
Press: ? - help, Shift-Dir - straight line, f/p - yak
Aim: a yak (moderately wounded, 83% to hit)
The bolt of dispelling energy hits the yak!
The yak is severely wounded.
The yak gores you!
* * * LOW HITPOINT WARNING * * *
The yak is burned by your cloak of flames.
The yak is almost dead.
You take 11 damage, and have 1/93 hp.
Aiming: Quicksilver Bolt
Press: ? - help, Shift-Dir - straight line, f/p - yak
Aim: a yak (almost dead, 83% to hit)
The bolt of dispelling energy misses the yak.
The yak gores you.
You die...

.........# #........#
### #........#
#........# #. ...#.....#
###.###### #. .>......##
#.# #. .[.....## #.###
##. .......# #...# #..
.......# #####
#######.### ###<.
..>...##<........###....
.....°Y@........))...#..
.....#####.......#####..
... ##...##......# #.. .
.#.#.#.#......# #..
....#.#...)##### ##.
#...#.#.#.#..# #.
#.#.##...##..# #.
#.#..#####...# ###
........# #..


You could see a yak.

Vanquished Creatures
  A centaur warrior (D:9)
  3 death yaks (D:9)
  Pikel (D:9)
  An efreet (D:9)
  18 yaks
  A wraith (D:9)
  A wyvern (D:9)
  6 orc warriors (Bailey)
  2 sky beasts (D:7)
  2 black bears
  An ice beast (D:7)
  An ogre (D:4)
  3 centaurs
  A phantom (D:7)
  4 kobold brigands
  4 bullfrogs
  A gnoll sergeant (D:8)
  3 scorpions
  7 wights
  14 killer bees
  5 howler monkeys
  A gnoll bouda (D:6)
  8 orc priests
  3 hounds
  A sleepcap (D:5)
  5 jellies
  5 iguanas
  9 orc wizards
  13 gnolls
  4 adders
  A shadow imp (D:7)
  A white imp (D:6)
  2 ufetubi (D:6)
  3 dart slugs
  34 orcs
  4 endoplasms
  12 goblins
  13 hobgoblins
  4 jackals (D:3)
  4 quokkas
  5 ball pythons
  7 bats
  A frilled lizard (D:1)
  23 kobolds
  5 rats
248 creatures vanquished.

Vanquished Creatures (others)
  An orc (D:5)
1 creature vanquished.

Grand Total: 249 creatures vanquished

Notes
Turn   | Place    | Note
-------+----------+-------------------------------------------
     0 | D:1      | jasper the Demonspawn Cinder Acolyte began the quest for
                  | the Orb.
     0 | D:1      | Reached XP level 1. HP: 18/18 MP: 2/2
   218 | D:1      | Gained mutation: You are partially covered in molten
                  | scales. (AC +2) [demonic ancestry]
   218 | D:1      | Reached XP level 2. HP: 19/24 MP: 3/3
   611 | D:1      | Learned a level 2 spell: Scorch
   665 | D:2      | Reached skill level 4 in Fighting
   665 | D:2      | Reached XP level 3. HP: 26/30 MP: 1/4
  1889 | D:3      | Found an ancient bone altar of Kikubaaqudgha.
  2286 | D:4      | Found a staircase to the Ecumenical Temple.
  2295 | Temple   | Entered the Ecumenical Temple
  2305 | D:4      | Reached skill level 5 in Fighting
  2305 | D:4      | Reached XP level 4. HP: 32/39 MP: 5/5
  2436 | D:4      | Found a basalt altar of Yredelemnul.
  2462 | D:4      | Gained mutation: Your demonic aura sometimes causes spilled
                  | blood to erupt in flames. [demonic ancestry]
  2462 | D:4      | Reached XP level 5. HP: 39/46 MP: 6/6
  2508 | D:4      | Noticed a centaur
  2513 | D:4      | Killed a centaur
  2514 | D:4      | Reached skill level 6 in Fighting
  2653 | D:4      | Noticed an ogre
  2657 | D:4      | Killed an ogre
  2658 | D:4      | Reached skill level 7 in Fighting
  2658 | D:4      | Gained mutation: You are mostly covered in molten scales.
                  | (AC +3) [demonic ancestry]
  2658 | D:4      | Reached XP level 6. HP: 22/55 MP: 7/7
  2954 | D:4      | Found a runed translucent door.
  2955 | D:4      | Noticed CalledCrash's ghost (amateur HuWn)
  3546 | D:5      | Entered Level 5 of the Dungeon
  3673 | D:5      | Reached skill level 8 in Fighting
  3673 | D:5      | Reached XP level 7. HP: 58/62 MP: 8/8
  3757 | D:5      | Found a broken altar of Ashenzari.
  4387 | D:5      | Found a snail-covered altar of Cheibriados.
  4397 | D:5      | Reached skill level 9 in Fighting
  4495 | D:5      | Found a burning altar of Makhleb.
  4773 | D:6      | Found an iron altar of Okawaru.
  4962 | D:6      | Reached XP level 8. HP: 54/72 MP: 9/9
  4970 | D:6      | Reached skill level 10 in Fighting
  5335 | D:6      | Found an ornate altar of the Wu Jian Council.
  5510 | D:6      | Found a runed translucent gate.
  5510 | D:6      | Found a runed translucent gate.
  5511 | D:6      | Found a runed translucent gate.
  5516 | D:6      | Noticed Stellion's ghost (novice HOFi)
  5516 | D:6      | Noticed gebbletook2's ghost (novice OpVM)
  5516 | D:6      | Noticed hgbash's ghost (novice DrSh)
  5516 | D:6      | Noticed Whiskey's ghost (novice OpSh)
  5528 | D:6      | Noticed testman's ghost (novice DsSh)
  5763 | D:7      | Reached skill level 11 in Fighting
  5763 | D:7      | Reached skill level 1 in Armour
  5763 | D:7      | Reached skill level 1 in Dodging
  5763 | D:7      | Reached skill level 1 in Shields
  5982 | D:7      | Gained mutation: You have large cloven feet. [demonic
                  | ancestry]
  5982 | D:7      | Reached XP level 9. HP: 81/81 MP: 10/10
  6499 | D:7      | Found Leutasio's Distillery.
  6507 | D:7      | Bought a potion of curing for 33 gold pieces
  6507 | D:7      | Bought a potion of heal wounds for 55 gold pieces
  6507 | D:7      | Bought a potion of resistance for 110 gold pieces
  6507 | D:7      | Bought a potion of invisibility for 88 gold pieces
  6764 | D:8      | Found a flagged portal.
  6777 | Bailey   | Entered a bailey
  7564 | D:8      | Reached skill level 5 in Armour
  7575 | D:8      | Reached skill level 5 in Dodging
  7842 | D:8      | Found a shimmering altar of Xom.
  7858 | D:8      | Found a runed translucent gate.
  7858 | D:8      | Found a runed translucent gate.
  7858 | D:8      | Found a runed translucent gate.
  7970 | D:8      | Noticed mattiecakes's ghost (novice AtBe)
  8097 | D:8      | Identified the +0 chain mail of the Known World {rF- rN+
                  | Regen+}
  8145 | D:8      | Found Peogu Qorch's Book Shop.
  8203 | D:8      | Reached XP level 10. HP: 46/87 MP: 11/11
  8262 | D:8      | Reached skill level 1 in Maces & Flails
  8926 | D:9      | Noticed a death yak
  8951 | D:9      | Killed a death yak
  8952 | D:9      | Reached skill level 5 in Maces & Flails
  9089 | D:9      | Found a staircase to the Lair.
  9132 | D:9      | Found a stormy altar of Qazlal.
  9337 | D:9      | Noticed Pikel
  9349 | D:9      | Killed Pikel
  9523 | D:9      | Noticed a centaur warrior
  9530 | D:9      | Killed a centaur warrior
  9599 | D:9      | Gained mutation: You regenerate magic rapidly. [demonic
                  | ancestry]
  9599 | D:9      | Reached XP level 11. HP: 66/93 MP: 12/12
  9646 | D:9      | HP: 4/93 [efreet/+1 scimitar of flaming (2)]
  9863 | D:9      | Noticed a death yak
  9869 | D:9      | Noticed a death yak
  9878 | D:9      | Killed a death yak
  9901 | D:9      | Killed a death yak
  9932 | D:9      | HP: 1/93 [yak (11)]
  9933 | D:9      | Slain by a yak

Illustrated notes

Levels and vault maps discovered:
D:1:      wheals_arrival_shading, layout_loops_ring
D:2:      layout_loops_ring, serial_rivers, chequers_serial_rivers_room_a,
          chequers_serial_rivers_large_a, chequers_serial_rivers_micro_a,
          chequers_serial_rivers_marsh, chequers_serial_rivers_micro_a,
          chequers_serial_rivers_small_b
D:3:      layout_basic, amcnicky_altar_gilded, kiku_gazebo_garden_becter,
          minmay_liquid_box, feat_on_display
D:4:      layout_basic, mainiacjoe_overflow_six_doors_small,
          minmay_temple_entry_mist, gammafunk_ghost_grave
D:5:      layout_rooms, evilmike_ruin_ashenzari, mainiacjoe_overflow_two_lobes
D:6:      layout_cave_pools, okawaru_ov_weapons_minmay,
          pdpol_wu_jian_five_deadly_venoms, gammafunk_ghost_cemetery,
          minmay_unpleasant_kobolds
D:7:      layout_basic, serial_shops, shop, minivault_23
D:8:      layout_loops_ring, mainiacjoe_overflow_brackets, serial_shops,
          nicolae_shop_real_fake_doors, ebering_ghost_rock_garden,
          enter_bailey_3, kennysheep_nondescript
D:9:      layout_roguey, lemuel_coloured_pillars_altar,
          nicolae_qazlal_scattered_showers, dpeg_lair_monsters,
          minmay_checkerbox, uniq_pikel
Temple:   grunt_temple_mini_profane

Skill      XL: |  1  2  3  4  5  6  7  8  9 10 11 |
---------------+----------------------------------+-----
Fighting       | 4 5 7 8 9 11 | 11.0
Armour         | 2 5 |  5.8
Dodging        | 2 5 |  5.8
Shields        | 2 4 |  4.0
Maces & Flails | 7 9 |  9.6
Unarmed Combat | |  2.6
Spellcasting   | |  1.0
Fire Magic     | |  2.6

Action                     |  1- 3 |  4- 6 |  7- 9 | 10-12 || total
---------------------------+-------+-------+-------+-------++-------
  Melee: Unarmed           |    70 |       |       |       ||    70
         Punch             |     1 |       |       |       ||     1
         Hand axe          |    69 |    14 |       |       ||    83
         Whip              |       |    49 |   457 |   291 ||   797
         Flail             |       |       |     6 |       ||     6
         Kick              |       |       |    45 |       ||    45
  Throw: Stone             |     1 |    14 |     2 |       ||    17
         Boomerang         |       |       |    11 |       ||    11
   Cast: Scorch            |     1 |       |       |       ||     1
 Invoke: Fiery Armour      |       |     2 |     6 |     4 ||    12
  Evoke: Wand              |     4 |     4 |       |     5 ||    13
    Use: Scroll            |     8 |     6 |     1 |       ||    15
         Potion            |       |       |       |     2 ||     2
 Armour: Robe              |    23 |       |    11 |       ||    34
         Leather armour    |    74 |    52 |       |       ||   126
         Ring mail         |       |       |   370 |       ||   370
         Scale mail        |       |       |    72 |   176 ||   248
  Dodge: Dodged            |   114 |    22 |   288 |   105 ||   529
  Block: Buckler           |     9 |    13 |   122 |    37 ||   181

Table legend: (Time is in decaauts)
 A = Elapsed time spent in this place.
 B = Non-inter-level travel time spent in this place.
 C = Inter-level travel time spent in this place.
 D = Time resting spent in this place.
 E = Time spent auto-exploring this place.
 F = Levels seen in this place.
 G = Mean time per level.
                   A        B        C        D        E       F      G
               +--------+--------+--------+--------+--------+-----+--------+
         Total |  10107 |   9808 |    299 |    603 |   6973 |  11 |  918.8 |
       Dungeon |   9275 |   8976 |    299 |    362 |   6657 |   9 | 1030.6 |
        Temple |     69 |     69 |      0 |     51 |      0 |   1 |   69.0 |
        Bailey |    762 |    762 |      0 |    190 |    316 |   1 |  762.0 |
               +--------+--------+--------+--------+--------+-----+--------+

Top non-repeatable levels by time:
     D:8: 1340 daAuts
     D:4: 1281 daAuts
     D:5: 1153 daAuts
     D:9: 1098 daAuts
     D:7: 1030 daAuts
     D:6: 988 daAuts
     D:2: 884 daAuts
     D:3: 861 daAuts
  Bailey: 762 daAuts
     D:1: 637 daAuts
  Temple: 69 daAuts
